 Dungeon Crawl Stone Soup version 0.25-a0-589-g1e14c549ee (webtiles) character file.

Game seed: 14633003693074144204, levelgen mode: deterministic

210 Eurus the Sneak (level 5, -9/26 HPs)
             Began as a Spriggan Assassin on Mar 12, 2020.
             Mangled by Crazy Yiuf
             ... wielding a +4 quarterstaff of chaos
              (11 damage)
             ... on level 3 of the Dungeon.
             The game lasted 00:10:35 (3429 turns).

Eurus the Sneak (Spriggan Assassin)                 Turns: 3429, Time: 00:10:36

Health: -9/26      AC:  4    Str:  7    XL:     5   Next: 57%
Magic:  6/6        EV: 20    Int: 13    God:
Gold:   283        SH:  0    Dex: 18    Spells: 4/4 levels left

rFire    . . .     SeeInvis +   a - +3 dagger
rCold    . . .     Gourm    .   (shield restricted)
rNeg     . . .     Faith    .   b - +0 robe
rPois    .         Spirit   .   (helmet restricted)
rElec    .         Reflect  .   c - +1 cloak
rCorr    .         Harm     .   (gloves unavailable)
MR       +....                  (boots unavailable)
Stlth    ++++......             (no amulet)
HPRegen  0.08/turn              n - ring of protection from magic
MPRegen  0.10/turn              (no ring)

@: stab, very quick
A: very small, unfitting armour, see invisible, herbivore, speed 3, slow
metabolism 2
a: no special abilities


You were on level 3 of the Dungeon.
You were not hungry.

You visited 1 branch of the dungeon, and saw 3 of its levels.

You collected 283 gold pieces.

Inventory:

Hand Weapons
 a - a +3 dagger (weapon)
Armour
 b - a +0 robe (worn)
 c - a +1 cloak (worn)
Jewellery
 n - a ring of protection from magic (left hand)
Wands
 l - a wand of paralysis (11)
 r - a wand of acid (8)
 s - a wand of disintegration (18)
Scrolls
 g - 4 scrolls of teleportation
 j - 2 scrolls of remove curse
 k - 2 scrolls of amnesia
 t - a scroll of enchant weapon
Potions
 i - a potion of flight
 p - 3 potions of lignification
Comestibles
 f - 9 rations


   Skills:
 - Level 2.1 Fighting
 + Level 3.9 Short Blades
 - Level 2.0 Throwing
 + Level 4.5 Dodging
 + Level 7.6 Stealth


You had 4 spell levels left.
You didn't know any spells.
Your spell library was empty.

Dungeon Overview and Level Annotations

Branches:
Dungeon (3/15)

Altars:
Fedhas
Wu Jian
Yredelemnul

Annotations:
D:3 Crazy Yiuf, Robin


Innate Abilities, Weirdness & Mutations

You are very small and have problems with some larger weapons.
You are too small for most types of armour.
You have supernaturally acute eyesight. (SInv)
You are a herbivore.
You cover ground extremely quickly.
You need to consume almost no food.


Message History

Crazy Yiuf screams, "Trifle!
Prologue sallow bush."
You barely miss Crazy Yiuf. Crazy Yiuf misses you.
You barely miss Crazy Yiuf. You hit Crazy Yiuf but do no damage.
Crazy Yiuf barely misses you.
You hit Crazy Yiuf.
Crazy Yiuf is lightly wounded.
Crazy Yiuf laughs, "Lugonu!"
Crazy Yiuf misses you.
You puncture Crazy Yiuf!
Crazy Yiuf is heavily wounded.
Crazy Yiuf hits you with a +4 quarterstaff of chaos!
You are electrocuted!
Ouch! That really hurt!
* * * LOW HITPOINT WARNING * * *
You hit Crazy Yiuf.
Crazy Yiuf is severely wounded.
You hit Crazy Yiuf.
Crazy Yiuf is almost dead.
Crazy Yiuf hits you with a +4 quarterstaff of chaos!
You die...

#......#......####..##
#......#...##.....#..##
##..#...(...##.....##..#
....#.#.#########################
.#......# #.........
.#......##♣♣♣♣♣ #.......?<
.........'..♣.♣♣♣ ### #......†..
.............♣..♣#...# #.>.......
.....>......♣♣♣♣@g...# #.........
.........'♣♣♣ ♣♣#..)# #.........
........##♣ ### #.........
........# #......... ........#
#......... .##.....#
#############.######## ....##.##
#.............# .#####.#
#...........#.## .# #.#
#...###...###..#


You could see Crazy Yiuf.

Vanquished Creatures
  A bullfrog skeleton (D:2)
  Natasha (thrice) (D:2)
  An adder (D:2)
  An ooze (D:1)
  3 worms
  4 dart slugs
  3 leopard geckos
  An orc (D:3)
  2 giant cockroaches
  11 goblins
  7 hobgoblins
  12 jackals
  5 bats
  5 frilled lizards
  8 kobolds
  7 rats
74 creatures vanquished.

Notes
Turn   | Place    | Note
-------+----------+-------------------------------------------
     0 | D:1      | Eurus the Spriggan Assassin began the quest for the Orb.
     0 | D:1      | Reached XP level 1. HP: 10/10 MP: 2/2
   206 | D:1      | Reached skill level 6 in Stealth
   325 | D:1      | Reached XP level 2. HP: 14/15 MP: 3/3
   710 | D:2      | Noticed Natasha
   714 | D:2      | Killed Natasha
   714 | D:2      | Reached XP level 3. HP: 18/18 MP: 4/4
   781 | D:2      | Noticed Natasha
   799 | D:2      | Killed Natasha
   799 | D:2      | Reached XP level 4. HP: 23/23 MP: 5/5
   875 | D:2      | Found a faded altar of an unknown god.
  1072 | D:2      | Found a blossoming altar of Fedhas.
  1217 | D:2      | Reached skill level 7 in Stealth
  1247 | D:2      | Reached XP level 5. HP: 23/26 MP: 6/6
  1460 | D:2      | Noticed Natasha
  1745 | D:2      | Found an ornate altar of the Wu Jian Council.
  1746 | D:2      | Found a basalt altar of Yredelemnul.
  2079 | D:3      | Noticed Robin
  2170 | D:2      | Killed Natasha
  2845 | D:3      | Found a runed translucent door.
  2846 | D:3      | Noticed Crazy Yiuf
  3429 | D:3      | Mangled by Crazy Yiuf

Levels and vault maps discovered:
D:1:      dpeg_arrival_shelter, layout_loops_ring
D:2:      layout_loops_ring, fedhas_altar_2, nicolae_overflow_hidden_temple,
          chequers_ecumenical_altar_island, minmay_hexomino_f4, uniq_natasha
D:3:      layout_rooms, uniq_robin, uniq_crazy_yiuf_cottage

Skill      XL: |  1  2  3  4  5 |
---------------+----------------+-----
Dodging        | 2 3 4 |  4.5
Stealth        | 6 7 |  7.6
Fighting       | 2 |  2.1
Short Blades   | 3 |  3.9
Throwing       | |  2.0

Action                   |  1- 3 |  4- 6 || total
-------------------------+-------+-------++-------
Melee: Dagger            |    79 |   222 ||   301
  Use: Scroll            |       |     6 ||     6
       Potion            |       |     5 ||     5
 Stab: Sleeping          |    11 |     9 ||    20
       Distracted        |     1 |     1 ||     2
Armor: Robe              |     7 |    19 ||    26
Dodge: Dodged            |    53 |   146 ||   199

Table legend:
 A = Non-vault XP
 B = Vault XP
 C = Vault XP percentage of total XP
 D = Non-vault monster count
 E = Vault monster count
 F = Vault count percentage of total count
                 A         B        C        D         E       F
            +---------+---------+-------+---------+---------+-------
      Total |     250 |      51 |  16.9 |      65 |       9 |  12.2
            +---------+---------+-------+---------+---------+-------
        D:1 |      36 |       0 |   0.0 |      18 |       0 |   0.0
        D:2 |     180 |      47 |  20.7 |      31 |       7 |  18.4
        D:3 |      34 |       4 |  10.5 |      16 |       2 |  11.1
            +---------+---------+-------+---------+---------+-------
